 Dungeon Crawl Stone Soup version 0.27.1-34-g3ba077fa99 (webtiles) character file.

Game seed: 518386756413669744

9952 raph the Destroyer (level 11, -3/92 HPs)
             Began as a Black Draconian Conjurer on Jan 29, 2022.
             Was a Priest of Vehumet.
             Killed from afar by an efreet (9 damage)
             ... with a bolt of fire
             ... on level 10 of the Dungeon.
             The game lasted 00:27:35 (13360 turns).

raph the Destroyer (Black Draconian Conjurer)      Turns: 13360, Time: 00:27:36

Health: -3/92      AC: 12    Str: 15    XL:     11   Next: 29%
Magic:  18/20      EV: 13    Int: 21    God:    Vehumet [***...]
Gold:   355        SH:  4    Dex:  9    Spells: 5/22 levels left

rFire    + . .     SeeInvis +   a - +6 long sword "Uneerisu" {vorpal, Str+4}
rCold    . . .     Faith    .   m - +0 buckler
rNeg     . . .     Spirit   .   (armour unavailable)
rPois    .         Reflect  .   (helmet restricted)
rElec    +         Harm     .   C - +0 cloak
rCorr    .         Rampage  .   B - +1 pair of gloves
Will     .....                  i - +1 pair of boots {Fly}
Stlth    +++.......             u - amulet of magic regeneration
HPRegen  0.25/turn              e - ring of see invisible
MPRegen  0.42/turn              w - ring of protection from fire

@: flying
A: breathe lightning, AC +7, unfitting armour, electricity resistance,
cold-blooded
a: Breathe Lightning, Renounce Religion


You were on level 10 of the Dungeon.
You worshipped Vehumet.
Vehumet was most pleased with you.
You visited 1 branch of the dungeon, and saw 11 of its levels.

You collected 509 gold pieces.
You spent 154 gold pieces at shops.

Inventory:

Hand Weapons
 a - the +6 long sword "Uneerisu" (weapon) {vorpal, Str+4}
   (You found it on level 7 of the Dungeon)

   It inflicts extra damage upon your enemies.
   Str:       It affects your strength (+4).
 y - a +1 long sword
Missiles
 n - 2 throwing nets
Armour
 b - a +1 pair of boots
 i - a +1 pair of boots of flying (worn)
 m - a +0 buckler (worn)
 B - a +1 pair of gloves (worn)
 C - a +0 cloak (worn)
Jewellery
 e - a ring of see invisible (left hand)
 g - an amulet of regeneration
 u - an amulet of magic regeneration (around neck)
 w - a ring of protection from fire (right hand)
Wands
 v - a wand of digging (6)
 D - a wand of flame (22)
 E - a wand of paralysis (7)
Scrolls
 c - 2 scrolls of enchant weapon
 h - 9 scrolls of identify
 o - 3 scrolls of fear
 p - a scroll of fog
 r - a scroll of amnesia
 x - 2 scrolls of magic mapping
 A - 2 scrolls of teleportation
Potions
 d - a potion of lignification
 f - 5 potions of curing
 j - 2 potions of cancellation
 l - a potion of might
 q - 2 potions of brilliance
 s - 4 potions of heal wounds
 t - 2 potions of attraction
 z - 2 potions of flight
 F - a potion of resistance
Miscellaneous
 G - a box of beasts


   Skills:
 + Level 7.2 Fighting
 + Level 6.3 Dodging
 + Level 6.9 Stealth
 - Level 4.0 Shields
 + Level 6.3 Spellcasting
 * Level 11.1 Conjurations
 - Level 3.3 Hexes


You had 5 spell levels left.
You knew the following spells:

 Your Spells              Type           Power      Damage    Failure   Level
a - Magic Dart            Conj           100%       1d8       1%          1
b - Searing Ray           Conj           100%       3d7       1%          2
c - Dazzling Flash        Conj/Hex       74%        N/A       1%          3
d - Fulminant Prism       Conj/Hex       18%        3d11      1%          4
e - Iskenderun's Mystic   Conj/Tloc      30%        2d8       2%          4
f - Mephitic Cloud        Conj/Pois/Air  22%        N/A       1%          3

Your spell library contained the following spells:

 Spells                   Type           Power      Damage    Failure   Level
 Frozen Ramparts          Ice            12%        1d3       8%          3
 Static Discharge         Conj/Air       30%        N/A       1%          2
 Corona                   Hex            22%        N/A       2%          1
 Sticky Flame             Conj/Fire      30%        2d5       2%          4
 Slow                     Hex            20%        N/A       3%          2
 Inner Flame              Hex/Fire       13%        N/A       4%          3
 Ensorcelled Hibernation  Hex/Ice        26%        N/A       8%          2
 Confusing Touch          Hex            20%        N/A       8%          3
 Ignite Poison            Fire/Tmut/Pois 6%         N/A       8%          3
 Tukima's Dance           Hex            20%        N/A       8%          3
 Animate Skeleton         Necr           12%        N/A       10%         1
 Apportation              Tloc           12%        N/A       10%         1
 Summon Small Mammal      Summ           24%        N/A       10%         1
 Call Imp                 Summ           6%         N/A       14%         2
 Passwall                 Tmut/Erth      5%         N/A       14%         2
 Sublimation of Blood     Necr           3%         N/A       14%         2
 Wereblood                Tmut           6%         N/A       14%         2
 Summon Guardian Golem    Hex/Summ       13%        N/A       14%         3
 Bolt of Magma            Conj/Fire/Erth 11%        4d7       16%         5
 Cause Fear               Hex            10%        N/A       24%         4
 Call Canine Familiar     Summ           6%         N/A       28%         3
 Swiftness                Air            6%         N/A       28%         3
 Yara's Violent Unravell  Hex/Tmut       6%         3d5       32%         5
 Dispel Undead            Necr           6%         3d8       67%         4
 Summon Mana Viper        Hex/Summ       13%        N/A       80%         5
 Summon Forest            Summ/Tloc      3%         N/A       95%         5
 Invisibility             Hex            10%        N/A       98%         6
 Shadow Creatures         Summ           N/A        N/A       100%        6
 Summon Hydra             Summ           3%         N/A       100%        7
 Discord                  Hex            10%        N/A       100%        8


Dungeon Overview and Level Annotations

Branches:
Dungeon (11/15)            Temple (0/1) D:6
   Lair: D:8-11         Orc: D:9-12

Altars:
Ashenzari
Elyvilon
Gozag
Kikubaaqudgha
Makhleb
Nemelex Xobeh
Okawaru
Qazlal
Sif Muna
Trog
Uskayaw
Vehumet
Xom
Yredelemnul
Zin
The Shining One

Shops:
D:5 [   D:8 :!   D:10 *

Annotations:
D:6 1 runed translucent door, FLACIDUS's ghost, weakling FoFi
D:7 exclusion: gargoyle
D:9 exclusion: ice statue


Innate Abilities, Weirdness & Mutations

You can breathe wild blasts of lightning.
Your glossy black scales are hard. (AC +7)
You cannot fit into any form of body armour.
You are resistant to electric shocks. (rElec)
You are cold-blooded and may be slowed by cold attacks.


Message History

The magic dart hits you!
An orc comes into view. It is wielding a +0 short sword.
The orc warrior throws a stone.
The stone hits you.
The searing ray hits the efreet!
The efreet is heavily wounded.
The searing ray hits the orc!
You kill the orc!
Vehumet accepts your kill.
You feel your power returning. The efreet misses you.
An orc comes into view. It is wielding a +0 short sword.
The searing ray hits the efreet!
The efreet is almost dead.
The searing ray hits the orc!
You kill the orc!
Vehumet accepts your kill.
You feel your power returning.
You finish channeling your searing ray.
The efreet gestures at you.
The fireball explodes!
The fireball engulfs you! You resist.
* * * LOW HITPOINT WARNING * * *
The fireball engulfs the efreet.
The efreet completely resists.
The fireball engulfs the orc!!
The orc dies!
You hear a shout! x3; You hear a roar!
You hear a bellow!
The efreet hits you with a +0 scimitar of flaming!
* * * LOW HITPOINT WARNING * * *
The efreet burns you.
* * * LOW HITPOINT WARNING * * *
You fly upwards.
There is a stone staircase leading down here.
You hit the efreet but do no damage.
The efreet is almost dead.
The efreet hits you with a +0 scimitar of flaming.
* * * LOW HITPOINT WARNING * * *
The efreet burns you.
* * * LOW HITPOINT WARNING * * *
You completely miss the efreet.
The efreet is almost dead.
The efreet gestures at you. The bolt of fire hits you! You resist.
You die...

#####T#####......
#####Y# #...∩..
##...Y.# ##.....
#..##### ##...#
##'###### #.....
#.......# #.....
#.......# ###.....
#.......####.[.)...
#R@.....##...#...[.
#.......##.###.[...
#.......'..# #....)
#.......#### #.....
#.[.....# ######
#.......# ##'######
######## #.[.#
###...## ###[#
#.###..#


You could see an efreet.

Vanquished Creatures
  4 two-headed ogres
  A death yak (D:10)
  A gargoyle (D:10)
  3 trolls
  3 wyverns
  16 yaks
  2 sky beasts
  3 orc warriors
  2 black bears
  A necrophage (D:7)
  2 centaurs (D:9)
  A phantom (D:4)
  2 bullfrogs
  A gnoll sergeant (D:5)
  3 scorpions
  An electric eel (D:8)
  8 wights
  5 howler monkeys
  2 hounds
  2 centaur zombies
  2 jellies
  A bullfrog skeleton (D:5)
  A centaur skeleton (D:7)
  10 orc priests
  A gnoll shaman (D:7)
  11 orc wizards
  A scorpion zombie (D:3)
  A killer bee zombie (D:8)
  A hound skeleton (D:4)
  12 gnolls
  5 adders
  2 adder skeletons
  A worm (D:4)
  A dart slug (D:4)
  40 orcs
  4 ball pythons
  8 endoplasms
  6 giant cockroaches
  9 hobgoblins
  An iguana (D:9)
  15 jackals
  3 quokkas
  5 bats
  5 frilled lizards
  7 goblins
  9 kobolds
  9 rats
234 creatures vanquished.

Vanquished Creatures (others)
  An orc (D:11)
  18 fulminant prisms
19 creatures vanquished.

Grand Total: 253 creatures vanquished

Notes
Turn   | Place    | Note
-------+----------+-------------------------------------------
     0 | D:1      | raph the Draconian Conjurer began the quest for the Orb.
     0 | D:1      | Reached XP level 1. HP: 14/14 MP: 3/3
   319 | D:1      | Reached XP level 2. HP: 20/20 MP: 1/5
   371 | D:1      | Learned a level 2 spell: Searing Ray
   725 | D:1      | Found a faded altar of an unknown god.
  1017 | D:1      | Reached skill level 5 in Conjurations
  1049 | D:1      | Reached XP level 3. HP: 26/26 MP: 3/6
  1122 | D:1      | Learned a level 3 spell: Dazzling Flash
  1738 | D:2      | Found a radiant altar of Vehumet.
  1745 | D:2      | Became a worshipper of Vehumet
  1983 | D:2      | Reached XP level 4. HP: 33/33 MP: 4/7
  3169 | D:3      | Found a hide-covered altar of Uskayaw.
  3179 | D:3      | Reached skill level 6 in Conjurations
  3179 | D:3      | Reached XP level 5. HP: 39/39 MP: 4/8
  3297 | D:3      | Found a bloodstained altar of Trog.
  3503 | D:3      | Reached skill level 1 in Fighting
  3503 | D:3      | Reached skill level 1 in Hexes
  3952 | D:4      | Reached XP level 6. HP: 4/47 MP: 0/9
  4230 | D:4      | Reached * piety under Vehumet
  4230 | D:4      | Offered knowledge of Sandblast by Vehumet.
  4634 | D:4      | Found a radiant altar of Vehumet.
  5002 | D:4      | Your scales start taking on a glossy black colour.
  5002 | D:4      | Reached XP level 7. HP: 55/55 MP: 5/11
  5002 | D:4      | Gained mutation: You are resistant to electric shocks.
                  | (rElec) [Black Draconian growth]
  5066 | D:4      | Learned a level 4 spell: Fulminant Prism
  5126 | D:5      | Entered Level 5 of the Dungeon
  5240 | D:5      | Found Wumi's Armour Shoppe.
  5694 | D:5      | Reached skill level 7 in Conjurations
  5808 | D:5      | Reached skill level 1 in Shields
  6328 | D:5      | Offered knowledge of Freeze by Vehumet.
  6331 | D:5      | Reached ** piety under Vehumet
  6489 | D:6      | Found a glowing golden altar of the Shining One.
  6547 | D:6      | Found an ancient bone altar of Kikubaaqudgha.
  6555 | D:6      | Reached XP level 8. HP: 62/62 MP: 4/12
  6635 | D:6      | Found a shimmering blue altar of Sif Muna.
  6734 | D:6      | Found a runed translucent door.
  6788 | D:6      | Noticed FLACIDUS's ghost (weakling FoFi)
  6830 | D:6      | Found a staircase to the Ecumenical Temple.
  7154 | D:7      | Noticed a troll
  7176 | D:7      | Noticed a gargoyle
  7612 | D:7      | Learned a level 4 spell: Iskenderun's Mystic Blast
  7657 | D:7      | Found a burning altar of Makhleb.
  7669 | D:7      | Killed a troll
  7787 | D:7      | Identified the +6 long sword "Uneerisu" {vorpal, Str+4}
  7850 | D:7      | Reached skill level 8 in Conjurations
  8357 | D:8      | Found Ycaykket's Book Boutique.
  8409 | D:8      | Found Uchar's Distillery.
  8439 | D:8      | Reached XP level 9. HP: 65/71 MP: 7/14
  8559 | D:8      | Bought a potion of brilliance for 44 gold pieces
  8559 | D:8      | Bought a potion of heal wounds for 55 gold pieces
  8559 | D:8      | Bought a potion of heal wounds for 55 gold pieces
  8889 | D:8      | Offered knowledge of Poisonous Vapours by Vehumet.
  9910 | D:9      | Noticed a two-headed ogre
  9918 | D:9      | Killed a two-headed ogre
  9919 | D:9      | Reached skill level 5 in Fighting
  9919 | D:9      | Reached skill level 5 in Stealth
  9919 | D:9      | Reached skill level 9 in Conjurations
  9933 | D:9      | Noticed a two-headed ogre
  9983 | D:9      | Killed a two-headed ogre
  9984 | D:9      | Reached XP level 10. HP: 81/81 MP: 3/17
 10105 | D:9      | Reached skill level 5 in Dodging
 10105 | D:9      | Reached skill level 5 in Spellcasting
 10135 | D:9      | Reached *** piety under Vehumet
 10245 | D:9      | Found an iron altar of Okawaru.
 10312 | D:9      | Noticed a two-headed ogre
 10329 | D:9      | Killed a two-headed ogre
 10330 | D:9      | Reached skill level 10 in Conjurations
 10440 | D:9      | Found a basalt altar of Yredelemnul.
 10509 | D:9      | Found a shimmering altar of Xom.
 10776 | D:9      | Found a sparkling altar of Nemelex Xobeh.
 10776 | D:9      | Found an opulent altar of Gozag.
 10793 | D:9      | Found a white marble altar of Elyvilon.
 10794 | D:9      | Found a stormy altar of Qazlal.
 10919 | D:9      | Noticed an ice statue
 11011 | D:10     | Entered Level 10 of the Dungeon
 11041 | D:10     | Found a broken altar of Ashenzari.
 11085 | D:10     | Found Zin's Purification Station.
 11219 | D:10     | Offered knowledge of Frozen Ramparts by Vehumet.
 11253 | D:10     | Found a glowing silver altar of Zin.
 11972 | D:10     | Noticed a gargoyle
 11986 | D:10     | Killed a gargoyle
 12172 | D:10     | Reached XP level 11. HP: 81/91 MP: 12/20
 12330 | D:11     | Noticed a two-headed ogre
 12343 | D:11     | Killed a two-headed ogre
 12485 | D:11     | Noticed a death yak
 12512 | D:10     | Learned a level 3 spell: Mephitic Cloud
 12513 | D:11     | Noticed a death yak
 12518 | D:11     | Noticed a death yak
 12525 | D:10     | HP: 1/92 [death yak (23)]
 12613 | D:10     | Reached skill level 11 in Conjurations
 13062 | D:10     | Killed a death yak
 13360 | D:10     | Killed from afar by an efreet

Illustrated notes

Levels and vault maps discovered:
D:1:      dpeg_arrival_prison, layout_rooms, dilly_ecumenical_altar_fadedgnrine,
          chequers_decorated_corner, minmay_octomino_e4
D:2:      layout_rooms, basic_altar, chequers_serial_rivers_small_3
D:3:      cheibrodos_old_hovel, layout_loops_ring, bloody_trog,
          lemuel_doored_altar
D:4:      layout_rooms, nicolae_vehumet_radiance
D:5:      layout_gridville, nicolae_stop_n_shop_2
D:6:      layout_rooms, mainiacjoe_overflow_24_doors,
          mainiacjoe_overflow_two_lobes, minmay_temple_entry_statues_pillars,
          ebering_ghost_sewer_d
D:7:      layout_rooms, mainiacjoe_overflow_alcove_1
D:8:      layout_loops_ring, serial_shops, nicolae_diamond_shop,
          nicolae_shop_waterfront, kennysheep_donut
D:9:      lemuel_ice_statue, layout_loops_corners,
          mainiacjoe_overflow_small_starburst, okawaru_metal_pillars_3,
          dk_xom_monty_hall, grunt_temple_overflow_opulence,
          gammafunk_temple_overflow_statue
D:10:     layout_roguey, zin_purify, nicolae_ashenzari_skybound,
          minmay_misc_feat_four_crosses
D:11:     layout_cave_pools, dpeg_lair_monsters, hiddenorc2_lemuel

Skill      XL: |  1  2  3  4  5  6  7  8  9 10 11 |
---------------+----------------------------------+-----
Conjurations   | 5 6 7 8 9 10 11 | 11.1
Stealth        | 2 3 4 5 6 |  6.9
Dodging        | 2 3 4 5 6 |  6.3
Fighting       | 1 2 3 5 6 7 |  7.2
Hexes          | 1 2 3 |  3.3
Spellcasting   | 3 4 6 |  6.3
Shields        | 1 3 4 |  4.0

Action                   |  1- 3 |  4- 6 |  7- 9 | 10-12 || total
-------------------------+-------+-------+-------+-------++-------
Melee: Long sword        |    14 |    12 |    28 |    40 ||    94
       Tailslap          |     1 |     1 |     3 |     4 ||     9
 Cast: Magic Dart        |    48 |    14 |    33 |     4 ||    99
       Searing Ray       |    13 |    38 |    42 |    24 ||   117
       Dazzling Flash    |     1 |     3 |     7 |     2 ||    13
       Fulminant Prism   |       |       |     6 |    12 ||    18
       Iskenderun's Myst |       |       |       |    23 ||    23
 Abil: Breathe Lightning |       |       |     1 |     1 ||     2
Evoke: Wand              |       |       |       |     1 ||     1
  Use: Scroll            |     2 |     5 |    12 |     4 ||    23
       Potion            |       |     3 |     1 |       ||     4
 Stab: Invisible         |       |       |     1 |       ||     1
       Distracted        |       |       |       |     1 ||     1
Armor: Skin              |    13 |    32 |    26 |    60 ||   131
Dodge: Dodged            |    28 |    40 |    73 |    58 ||   199
Block: Buckler           |       |       |    15 |    15 ||    30
       Rpst.: Long sword |     8 |     6 |    23 |    13 ||    50
